 Dungeon Crawl Stone Soup version 0.24.0-123-gd5b16e6ec5 (webtiles) character file.

Game seed: 15954717723331561009, levelgen mode: deterministic

9578 Delamore the Cleaver (level 11, -5/93 HPs)
             Began as a Formicid Fighter on Jan 6, 2020.
             Was a Priest of Okawaru.
             Slain by a death knight
             ... wielding a +4 great mace of protection
              (30 damage)
             ... on level 10 of the Dungeon.
             The game lasted 00:12:29 (11718 turns).

Delamore the Cleaver (Formicid Fighter)            Turns: 11718, Time: 00:12:29

Health: -5/93      AC: 18    Str: 29    XL:     11   Next: 77%
Magic:  11/11      EV:  6    Int:  7    God:    Okawaru [***...]
Gold:   648        SH: 10    Dex: 11    Spells: 10/10 levels left

rFire    . . .     SeeInvis +   N - +1 hand axe (freeze)
rCold    . . .     Gourm    .   c - +0 shield
rNeg     . . .     Faith    .   O - +0 plate armour (curse)
rPois    +         Spirit   .   (helmet unavailable)
rElec    .         Reflect  .   E - +1 cloak {rPois}
rCorr    .         Harm     .   (no gloves)
MR       +....                  I - +0 pair of boots
Stlth    ..........             (no amulet)
HPRegen  0.25/turn              s - +4 ring of protection
MPRegen  0.12/turn              l - +1 ring of evasion

@: mighty
A: permanent stasis, dig shafts and tunnels, four strong arms, antennae 3
a: Dig, Shaft Self, Heroism, Renounce Religion


You were on level 10 of the Dungeon.
You worshipped Okawaru.
Okawaru was most pleased with you.
You were not hungry.

You visited 2 branches of the dungeon, and saw 12 of its levels.

You collected 767 gold pieces.
You spent 119 gold pieces at shops.

Inventory:

Hand Weapons
 a - a +0 war axe
 N - a +1 hand axe of freezing (weapon)
 R - a +0 broad axe of electrocution
Missiles
 i - 3 javelins (quivered)
 o - a throwing net
Armour
 b - a +0 scale mail
 c - a +0 shield (worn)
 E - a +1 cloak of poison resistance (worn)
 I - a +0 pair of boots (worn)
 M - a scarf of cloud immunity
 O - a cursed +0 plate armour (worn)
 S - a +2 scale mail of fire resistance
Jewellery
 g - an uncursed ring of wizardry
 l - a +1 ring of evasion (right hand)
 s - a +4 ring of protection (left hand)
 y - an uncursed amulet of harm
Wands
 H - a wand of flame (29)
 J - a wand of iceblast (12)
Scrolls
 e - 4 scrolls of remove curse
 h - a scroll of fog
 k - a scroll of immolation
 n - 2 scrolls of fear
 p - 9 scrolls of teleportation
 q - a scroll of identify
 w - 2 scrolls of enchant armour
 A - 2 scrolls of magic mapping
 B - a scroll of amnesia
 L - a scroll of torment {unknown}
Potions
 d - 2 potions of might
 j - a potion of cancellation
 m - a potion of invisibility
 r - 2 potions of haste
 t - 2 potions of curing
 u - 3 potions of ambrosia
 v - 3 potions of agility
 x - a potion of flight
 z - 2 potions of lignification
 C - a potion of resistance
 D - a potion of degeneration
 F - a potion of brilliance
 G - a potion of berserk rage
 K - a potion of magic
 Q - a potion of heal wounds
Comestibles
 f - 14 rations


   Skills:
 + Level 11.4 Fighting
 + Level 14.1 Axes
 - Level 3.2 Armour
 - Level 3.6 Shields


You had 10 spell levels left.
You didn't know any spells.
Your spell library contained the following spells:

 Spells                   Type           Power        Failure   Level  Hunger
 Magic Dart               Conj           #...         100%        1    ##.....
 Searing Ray              Conj           #.....       100%        2    ###....
 Dazzling Spray           Conj/Hex       #.....       100%        3    ####...
 Force Lance              Conj/Tloc      #.......     100%        4    #####..
 Fulminant Prism          Conj/Hex       #.........   100%        4    #####..
 Iskenderun's Mystic Bla  Conj           #.......     100%        4    #####..


Dungeon Overview and Level Annotations

Branches:
Dungeon (11/15)            Temple (1/1) D:4            Lair (0/6) D:8
    Orc: D:9-12

Altars:
Ashenzari
Cheibriados
Dithmenos
Elyvilon
Fedhas
Gozag
Hepliaklqana
Kikubaaqudgha
Makhleb
Nemelex Xobeh
Okawaru
Qazlal
Ru
Sif Muna
Trog
Uskayaw
Vehumet
Wu Jian
Xom
Yredelemnul
Zin
The Shining One
Lugonu

Shops:
D:5 [

Portals:
Trove: D:10 (give 9 potions of agility)


Innate Abilities, Weirdness & Mutations

You cannot be hasted, slowed, berserked, paralysed or teleported.
You can dig through walls and to a lower floor.
Your four strong arms can wield two-handed weapons with a shield.
You have a pair of large antennae on your head. (SInv)


Message History

Your shield and plate armour prevent you from hitting the death knight.
The death knight is heavily wounded.
You block the death knight's attack.
You closely miss the death knight.
The death knight is heavily wounded.
You hit the death knight but do no damage.
The death knight is heavily wounded.
The death knight hits you with a +4 great mace of protection!
* * * LOW HITPOINT WARNING * * *
You barely miss the death knight.
The death knight is heavily wounded.
You barely miss the death knight.
The death knight is heavily wounded.
The death knight hits you but does no damage.
You hit the death knight. You freeze the death knight.
The death knight is heavily wounded.
You hit the death knight. You freeze the death knight.
The death knight is heavily wounded.
The death knight hits you with a +4 great mace of protection!!
You die...

#..#.....#########...
#..##....#...........
#..#####'#...........
#..#.[...............
#..#>................
#..#.[....########...
#..#......#......#...
#..#p.....#......#...
###'#@.....#......#...
#.....######..##..#...
#.....#...######..#...
#.....#...........'...
#.....#'####......#...
#######...##..##..#...
#.....##..##..#...
#...>.........#...
#.............'...


You could see a death knight.

Vanquished Creatures
  Harold (D:7)
  Erica (D:9)
  A two-headed ogre (D:9)
  Urug (D:10)
  A cyclops (D:10)
  A komodo dragon (D:8)
  A merfolk (D:11)
  A troll (D:8)
  Prince Ribbit (D:6)
  A hippogriff (D:8)
  A spriggan (D:11)
  Sigmund (D:6)
  9 yaks (D:10)
  Eustachio (D:6)
  Edmund (D:6)
  2 ice beasts
  A black bear (D:6)
  3 sky beasts
  3 orc warriors
  A phantom (D:9)
  4 ogres
  A centaur (D:8)
  A big kobold (D:10)
  A crocodile (D:10)
  3 bullfrogs
  A scorpion (D:5)
  10 killer bees
  4 wights (D:10)
  4 howler monkeys
  10 crimson imps
  4 hounds
  6 jellies
  2 orc priests
  A bullfrog skeleton (D:5)
  7 orc wizards
  2 iguanas
  Crazy Yiuf (D:7)
  2 worker ants
  2 hound skeletons
  4 adders
  2 adder skeletons
  5 worms
  A dart slug (D:1)
  5 leopard geckos
  36 orcs
  3 ball pythons
  7 giant cockroaches
  8 goblins
  8 hobgoblins
  6 jackals
  8 kobolds
  3 quokkas
  8 bats
  3 frilled lizards
  A jackal skeleton (D:5)
  2 leopard gecko skeletons (D:8)
  A quokka skeleton (D:6)
  A quokka zombie (D:5)
  10 rats
221 creatures vanquished.

Vanquished Creatures (others)
  An orc wizard (D:11)
  3 plants (D:8)
4 creatures vanquished.

Grand Total: 225 creatures vanquished

Notes
Turn   | Place    | Note
-------+----------+-------------------------------------------
     0 | D:1      | Delamore the Formicid Fighter began the quest for the Orb.
     0 | D:1      | Reached XP level 1. HP: 18/18 MP: 1/1
   177 | D:1      | Reached XP level 2. HP: 22/24 MP: 2/2
   392 | D:1      | Reached skill level 3 in Axes
   732 | D:2      | Found a blossoming altar of Fedhas.
   737 | D:2      | Found a shattered altar of Ashenzari.
   750 | D:2      | Reached XP level 3. HP: 26/29 MP: 3/3
  1032 | D:2      | Reached skill level 4 in Axes
  1032 | D:2      | Reached XP level 4. HP: 16/35 MP: 4/4
  1235 | D:3      | Noticed a sky beast
  1258 | D:2      | Killed a sky beast
  1258 | D:2      | Reached skill level 5 in Axes
  1258 | D:2      | Reached XP level 5. HP: 9/41 MP: 5/5
  1598 | D:3      | Reached XP level 6. HP: 43/47 MP: 6/6
  1660 | D:3      | Reached skill level 6 in Axes
  2367 | D:4      | Found a hide-covered altar of Uskayaw.
  2369 | D:4      | Noticed a +0 hand axe
  2369 | D:4      | Noticed a +0 hand axe
  2397 | D:4      | Noticed an ogre
  2401 | D:4      | Killed an ogre
  2567 | D:4      | Reached XP level 7. HP: 43/52 MP: 7/7
  2578 | D:4      | Reached skill level 7 in Axes
  2629 | D:4      | Found a staircase to the Ecumenical Temple.
  2655 | Temple   | Entered the Ecumenical Temple
  2966 | D:5      | Entered Level 5 of the Dungeon
  2981 | D:5      | Found a glowing golden altar of the Shining One.
  3117 | D:5      | Found a sacrificial altar of Ru.
  3172 | D:5      | Reached skill level 8 in Axes
  3267 | D:5      | Reached XP level 8. HP: 37/58 MP: 8/8
  3509 | D:5      | Reached skill level 9 in Axes
  3582 | D:5      | Found a white marble altar of Elyvilon.
  3648 | D:5      | Found Girareca's Armour Shop.
  3668 | D:5      | Bought a +0 cloak of poison resistance for 119 gold pieces
  3838 | D:6      | Noticed Eustachio
  3856 | D:6      | Killed Eustachio
  3967 | D:6      | Reached skill level 10 in Axes
  4023 | D:6      | Noticed Sigmund
  4033 | D:6      | Killed Sigmund
  4033 | D:6      | Reached XP level 9. HP: 64/64 MP: 9/9
  4199 | D:6      | Found an opulent altar of Gozag.
  4451 | D:6      | Noticed Prince Ribbit
  4723 | D:6      | Noticed Edmund
  4747 | D:6      | Killed Edmund
  4747 | D:6      | Reached skill level 11 in Axes
  5242 | D:6      | Killed Prince Ribbit
  5242 | D:6      | Reached skill level 5 in Fighting
  5391 | D:6      | Found a shimmering blue altar of Sif Muna.
  5907 | D:7      | Found a glowing silver altar of Zin.
  5916 | D:7      | Noticed Harold
  5951 | D:7      | Killed Harold
  5951 | D:7      | Reached XP level 10. HP: 11/77 MP: 10/10
  6246 | D:7      | Found the +6 shillelagh "Devastator" {shatter}
  6246 | D:7      | Found a runed translucent door.
  6250 | D:7      | Noticed Crazy Yiuf
  6260 | D:7      | Killed Crazy Yiuf
  6668 | D:8      | Found a white marble altar of Elyvilon.
  6683 | D:8      | Reached skill level 12 in Axes
  6884 | D:8      | Found a staircase to the Lair.
  6885 | D:8      | Noticed a komodo dragon
  6934 | D:8      | Found a stormy altar of Qazlal.
  6951 | D:8      | Killed a komodo dragon
  7838 | D:8      | Found an ornate altar of the Wu Jian Council.
  8066 | D:9      | Found an ancient bone altar of Kikubaaqudgha.
  8570 | D:9      | Found an iron altar of Okawaru.
  8578 | D:9      | Became a worshipper of Warmaster Okawaru
  8656 | D:9      | Noticed Erica
  8684 | D:9      | Killed Erica
  8684 | D:9      | Reached * piety under Okawaru
  8684 | D:9      | Reached skill level 13 in Axes
  9073 | D:9      | Noticed a two-headed ogre
  9083 | D:9      | Killed a two-headed ogre
  9083 | D:9      | Reached XP level 11. HP: 90/90 MP: 11/11
  9341 | D:10     | Entered Level 10 of the Dungeon
  9629 | D:8      | Reached skill level 10 in Fighting
 10107 | D:10     | Reached ** piety under Okawaru
 10249 | D:10     | Noticed a cyclops
 10265 | D:10     | Killed a cyclops
 10453 | D:10     | Found a portal to a secret trove of treasure.
 11257 | D:11     | Noticed Urug
 11270 | D:11     | Noticed a death knight
 11472 | D:10     | Killed Urug
 11472 | D:10     | Reached *** piety under Okawaru
 11472 | D:10     | Reached skill level 14 in Axes
 11718 | D:10     | Slain by a death knight

Levels and vault maps discovered:
D:1:      dpeg_arrival_stone_temple_mockup, layout_loops_ring
D:2:      layout_basic, grunt_temple_overflow_open
D:3:      layout_basic
D:4:      layout_rooms, dancing_weapons_uskayaw, minmay_temple_entry_crystal_x,
          kennysheep_cluttered_room, grunt_ministairs_11
D:5:      kennysheep_six_static_rooms, layout_basic, hangedman_ru_absence,
          nicolae_overflow_crystal_walls, serial_shops, nicolae_shop_stone,
          first_ration, elyvilon_altar_1
D:6:      layout_gridville, lemuel_doored_altar, lemuel_coloured_pillars_altar,
          uniq_prince_ribbit1, uniq_edmund, uniq_sigmund, uniq_eustachio
D:7:      layout_gridville, old_standard_altar, uniq_harold,
          uniq_crazy_yiuf_cottage
D:8:      layout_loops_ring, lemuel_round_altar, kennysheep_mini_moat,
          nicolae_qazlal_eye_of_the_storm, david_lair_shrubbed
D:9:      layout_gridville, overflow_temple_1_default, okawaru_gym_becter,
          uniq_erica
D:10:     layout_gridville, nicolae_trove_entry_crossroad
D:11:     minmay_mutant_horseshoe, layout_cross, hangedman_stone_soup,
          chequers_avenue, uniq_urug
Temple:   corrupted_temple

Skill      XL: |  1  2  3  4  5  6  7  8  9 10 11 |
---------------+----------------------------------+-----
Axes           | 3 4 5 6 8 10 11 13 14 | 14.1
Fighting       | 6 9 11 | 11.4
Armour         | |  3.2
Shields        | |  3.6

Action                   |  1- 3 |  4- 6 |  7- 9 | 10-12 || total
-------------------------+-------+-------+-------+-------++-------
Melee: War axe           |    90 |   147 |   288 |   299 ||   824
       Hand axe          |       |       |       |   118 ||   118
Throw: Javelin           |       |       |     1 |    11 ||    12
       Throwing net      |       |       |       |     2 ||     2
  Use: Potion            |       |       |       |     4 ||     4
       Scroll            |       |       |       |    19 ||    19
 Stab: Held in net/web   |       |       |       |     2 ||     2
  Eat: Chunk             |       |     5 |    10 |    17 ||    32
       Ration            |       |       |       |     1 ||     1
Armor: Scale mail        |    49 |    61 |    93 |   102 ||   305
       Plate armour      |       |       |       |    39 ||    39
Dodge: Dodged            |    30 |    58 |    67 |   121 ||   276
Block: Shield            |    53 |    82 |   116 |   148 ||   399
